Knights vs Atomiques
Created - January 30, 2020 at 19:00
Goals
|
| Knights |
0 |
2 |
4 |
6 |
| Atomiques |
0 |
2 |
0 |
2 |
|
Shots
|
| Knights |
12 |
10 |
14 |
36 |
| Atomiques |
10 |
8 |
14 |
32 |
|
1st period
No Goal
Penalties :
No Penalty
2nd period
1. Knights , Jaccob Slavin 6 (Noel Acciari 13) at 0:04
2. Atomiques , Jimmy Hayes 12 (Travis Sanheim 19, Dwight King 22) at 2:04 (PP)
3. Atomiques , Jimmy Hayes 13 (Travis Sanheim 20) at 7:30
4. Knights , Jaccob Slavin 7 (Miro Aaltonen 22, Ryan Strome 25) at 16:48
Penalties :
Linden Vey (Lon) for Goalie Interference (Minor) at 1:57, Michael Chaput (STB) for Tripping (Minor) at 8:38, Dalton Smith (STB) for High sticking (Minor) at 18:03
3rd period
5. Knights , Noel Acciari 9 (Jaccob Slavin 21, Josh Bailey 27) at 7:17 (PP)
6. Knights , Nicolas Petan 3 (Kevin Fiala 2, Vince Hinostroza 9) at 9:25
7. Knights , Josh Bailey 28 (Noel Acciari 14) at 10:01 (PP)
8. Knights , Josh Bailey 29 (Noel Acciari 15) at 19:21 (PP)
Penalties :
Eric Mestery (STB) for Elbowing (Minor) at 7:11, Brendan Lemieux (STB) for Tripping (Minor) at 9:57, Ludwig Bystrom (Lon) for Hooking (Minor) at 15:20, Bobby Farnham (STB) for Holding (Minor) at 19:17, Corey Tropp (STB) for Holding (Minor) at 19:48
Goalie Stats
Elvis Merzlikins (Lon), 30 saves from 32 shots - (0.938), W, 4-1-0, 60:00 minutes
Connor Hellebyuk (STB), 30 saves from 36 shots - (0.833), L, 14-11-3, 60:00 minutes
Players Stats for Knights
Player Name G A P +/- PIM S H SB GA TA FO MP PP MP PK MP
------------------------------------------------------------------------------------
Brendan Gaunce 0 0 0 0 0 4 0 1 0 0 1/3 10:41 0:00 0:42
Collin Miller 0 0 0 1 0 1 0 0 1 1 0/0 15:15 2:06 0:53
Jaccob Slavin 2 1 3 1 0 2 0 1 0 0 0/0 25:53 2:49 0:53
Jordan Martinook 0 0 0 1 0 2 1 1 1 1 0/2 19:29 2:36 1:05
Josh Bailey 2 1 3 0 0 6 3 0 0 3 2/2 20:54 2:36 0:00
Josh Morrissey 0 0 0 0 0 0 0 1 0 2 0/0 18:59 0:00 0:00
Kevin Fiala 0 1 1 1 0 0 0 0 0 0 0/0 10:05 0:12 0:05
Linden Vey 0 0 0 0 2 0 0 0 1 0 0/0 10:18 0:12 0:00
Ludwig Bystrom 0 0 0 1 2 1 2 0 0 0 0/0 14:07 0:49 0:00
Michael Matheson 0 0 0 0 0 2 1 0 1 1 0/0 22:39 3:02 1:13
Miro Aaltonen 0 1 1 1 0 2 0 0 0 0 4/10 17:18 1:35 0:17
Nathan Walker 0 0 0 0 0 2 0 0 0 0 0/0 9:59 0:00 0:00
Nicolas Petan 1 0 1 1 0 1 0 0 0 0 2/2 9:35 0:00 0:00
Nikolaj Ehlers 0 0 0 0 0 4 0 0 0 1 0/1 20:11 1:35 0:40
Noel Acciari 1 3 4 0 0 5 1 1 1 1 15/35 22:06 2:36 1:07
Ryan Strome 0 1 1 1 0 3 1 0 0 2 0/0 17:01 1:35 0:00
Tomas Kundratek 0 0 0 1 0 0 3 1 1 2 0/0 23:11 0:00 1:13
Vince Hinostroza 0 1 1 1 0 1 0 2 1 0 0/0 10:11 0:12 0:16
Players Stats for Atomiques
Player Name G A P +/- PIM S H SB GA TA FO MP PP MP PK MP
------------------------------------------------------------------------------------
Anthony Nigro 0 0 0 0 0 0 1 0 3 0 1/3 10:30 0:00 0:45
Bobby Farnham 0 0 0 -1 2 2 1 1 0 0 0/0 11:32 0:00 0:00
Brendan Lemieux 0 0 0 0 2 1 4 0 0 0 0/2 14:41 0:58 0:00
Chris Tierney 0 0 0 -1 0 0 0 2 1 0 22/37 21:58 1:08 2:21
Colby Cohen 0 0 0 0 0 1 4 0 0 1 0/0 14:48 0:00 1:41
Corey Tropp 0 0 0 0 2 2 2 0 1 2 0/0 15:46 0:58 1:05
Dalton Smith 0 0 0 -1 2 2 0 0 0 0 0/0 12:24 0:00 0:29
Dwight King 0 1 1 -1 0 4 2 1 1 0 1/2 19:05 1:08 0:00
Eric Mestery 0 0 0 0 2 0 2 0 0 2 0/0 14:47 0:00 1:41
Jimmy Hayes 2 0 2 -1 0 5 0 1 4 0 0/2 21:57 1:08 2:20
Joseph Cramarossa 0 0 0 0 0 2 2 0 0 0 0/0 10:05 0:00 0:20
Matt Tennyson 0 0 0 -2 0 2 0 3 1 0 0/0 20:46 1:00 2:42
Michael Chaput 0 0 0 -1 2 2 0 0 0 0 2/3 11:41 0:00 0:00
Michael Latta 0 0 0 0 0 3 4 0 0 0 5/6 16:08 0:58 1:26
Nicolas Aube-Kubel 0 0 0 0 0 1 2 0 2 0 0/0 9:45 0:00 0:00
Samuel Morin 0 0 0 0 0 1 1 3 1 1 0/0 27:32 1:06 2:42
Travis Sanheim 0 2 2 0 0 4 2 0 0 1 0/0 24:26 1:06 0:00
Wiley Sherman 0 0 0 -2 0 0 0 2 0 0 0/0 17:40 1:00 0:00
3 Stars
1 - Josh Bailey (Lon)
2 - Jaccob Slavin (Lon)
3 - Noel Acciari (Lon)
Power Play
Knights - 3 on 6 Attempt(s) - 50.00%
Atomiques - 1 on 2 Attempt(s) - 50.00%
Penalty Kill
Knights - 1 on 2 Attempt(s) - 50.00%
- Score 0 goal in Penalty Kill
Atomiques - 3 on 6 Attempt(s) - 50.00%
- Score 0 goal in Penalty Kill
Team Stat
Knights - Hits : 12 - Faceoff Wins : 24 - Blocked Shots : 8 - Penalty Minutes : 4
Atomiques - Hits : 27 - Faceoff Wins : 31 - Blocked Shots : 13 - Penalty Minutes : 12
Official
Referees : Unknown
Linesman : Unknown
Game Notes
No Game Note
Finance
Level 1 -- Attendance: 1341 (67.05%) -- Ticket Income $53,640
Level 2 -- Attendance: 671 (67.10%) -- Ticket Income $13,420
Total Attendance: 2012 (67.07%)
Total Ticket Income: $67,060
Other Income: $3,353
Total Income: $70,413
Knights
5 vs 5 Forward
Center Left Wing Right Wing Time % Phy DF OF
1 Noel Acciari Nikolaj Ehlers Josh Bailey 40 1 1 3
2 Miro Aaltonen Jordan Martinook Ryan Strome 30 2 0 3
3 Brendan Gaunce Nathan Walker Linden Vey 20 0 2 3
4 Nicolas Petan Kevin Fiala Vince Hinostroza 10 0 2 3
5 vs 5 Defense
Defense Defense Time % Phy DF OF
1 Jaccob Slavin Tomas Kundratek 40 1 2 2
2 Michael Matheson Josh Morrissey 30 1 2 2
3 Collin Miller Ludwig Bystrom 20 1 2 2
4 Tomas Kundratek Jaccob Slavin 10 1 2 2
PowerPlay Forward
Center Left Wing Right Wing Time % Phy DF OF
1 Noel Acciari Jordan Martinook Josh Bailey 60 0 1 4
2 Miro Aaltonen Nikolaj Ehlers Ryan Strome 40 0 1 4
PowerPlay Defense
Defense Defense Time % Phy DF OF
1 Jaccob Slavin Michael Matheson 60 0 1 4
2 Michael Matheson Collin Miller 40 0 1 4
Penalty Kill 4 Players Forward
Center Wing Time % Phy DF OF
1 Noel Acciari Jordan Martinook 60 1 3 1
2 Brendan Gaunce Vince Hinostroza 40 1 3 1
Penalty Kill 4 Players Defense
Defense Defense Time % Phy DF OF
1 Michael Matheson Tomas Kundratek 60 1 3 1
2 Jaccob Slavin Collin Miller 40 1 3 1
Penalty Kill - 3 Players Forward
Forward Time % Phy DF OF
1 Noel Acciari 60 0 4 1
2 Vince Hinostroza 40 0 4 1
Penalty Kill - 3 Players Defense
Defense Defense Time % Phy DF OF
1 Jaccob Slavin Tomas Kundratek 60 1 3 1
2 Michael Matheson Collin Miller 40 1 3 1
4 vs 4 Forward
Center Wing Time % Phy DF OF
1 Noel Acciari Josh Bailey 60 1 2 2
2 Miro Aaltonen Ryan Strome 40 1 2 2
4 vs 4 Defense
Defense Defense Time % Phy DF OF
1 Josh Morrissey Jaccob Slavin 60 1 2 2
2 Michael Matheson Collin Miller 40 1 2 2
Last Minutes Offensive
Center Left Wing Right Wing Defense Defense
Noel Acciari Josh Bailey Ryan Strome Tomas Kundratek Jaccob Slavin
Last Minutes Defensive
Center Left Wing Right Wing Defense Defense
Noel Acciari Jordan Martinook Vince Hinostroza Jaccob Slavin Tomas Kundratek
Goaltenders
Starting : Elvis Merzlikins
Backup : Magnus Hellberg
Extra Forwards
Normal : Jordan Martinook, Linden Vey, Noel Acciari - PP : Linden Vey, Noel Acciari - PK : Noel Acciari
Extra Defensemen
Normal : Jaccob Slavin, Michael Matheson, Collin Miller - PP : Michael Matheson - PK : Ludwig Bystrom, Michael Matheson
Penalty Shots
Kevin Fiala, Miro Aaltonen, Ryan Strome, Noel Acciari, Nathan Walker
Scratches
Zach Nastasiuk (Healthy), Nicklas Jensen (Healthy), Alan Quine (Healthy), David Shields (Healthy), Matthew Benning (Healthy)
Trevor Moore (Healthy), Scott Wilson (Healthy), Curtis Valk (Healthy), Anthony Louis (Healthy), Travis Boyd (Healthy)
Fredrik Claesson (Healthy), Mackenzie MacEachern (Healthy), Valentin Zykov (Healthy), Jayce Hawryluk (Healthy), Nikolay Goldobin (Healthy)
A.J. Jenks (Healthy), Ryan Collins (Healthy), William Lagesson (Healthy), Eamon McAdam (Healthy), Philippe Desrosiers (Healthy)
Ville Husso (Healthy)
Atomiques
5 vs 5 Forward
Center Left Wing Right Wing Time % Phy DF OF
1 Chris Tierney Dwight King Jimmy Hayes 40 1 2 2
2 Michael Latta Brendan Lemieux Corey Tropp 30 1 2 2
3 Michael Chaput Dalton Smith Bobby Farnham 20 1 2 2
4 Anthony Nigro Joseph Cramarossa Nicolas Aube-Kubel 10 1 2 2
5 vs 5 Defense
Defense Defense Time % Phy DF OF
1 Travis Sanheim Samuel Morin 40 1 2 2
2 Matt Tennyson Wiley Sherman 30 1 2 2
3 Colby Cohen Eric Mestery 20 1 2 2
4 Travis Sanheim Samuel Morin 10 1 2 2
PowerPlay Forward
Center Left Wing Right Wing Time % Phy DF OF
1 Chris Tierney Dwight King Jimmy Hayes 60 1 2 2
2 Michael Latta Brendan Lemieux Corey Tropp 40 1 2 2
PowerPlay Defense
Defense Defense Time % Phy DF OF
1 Travis Sanheim Samuel Morin 60 1 2 2
2 Matt Tennyson Wiley Sherman 40 1 2 2
Penalty Kill 4 Players Forward
Center Wing Time % Phy DF OF
1 Chris Tierney Jimmy Hayes 60 1 2 2
2 Michael Latta Corey Tropp 40 1 2 2
Penalty Kill 4 Players Defense
Defense Defense Time % Phy DF OF
1 Matt Tennyson Samuel Morin 60 1 2 2
2 Colby Cohen Eric Mestery 40 1 2 2
Penalty Kill - 3 Players Forward
Forward Time % Phy DF OF
1 Chris Tierney 60 1 2 2
2 Michael Latta 40 1 2 2
Penalty Kill - 3 Players Defense
Defense Defense Time % Phy DF OF
1 Colby Cohen Samuel Morin 60 1 2 2
2 Colby Cohen Eric Mestery 40 1 2 2
4 vs 4 Forward
Center Wing Time % Phy DF OF
1 Chris Tierney Jimmy Hayes 60 1 2 2
2 Michael Latta Dwight King 40 1 2 2
4 vs 4 Defense
Defense Defense Time % Phy DF OF
1 Travis Sanheim Samuel Morin 60 1 2 2
2 Matt Tennyson Wiley Sherman 40 1 2 2
Last Minutes Offensive
Center Left Wing Right Wing Defense Defense
Chris Tierney Dwight King Jimmy Hayes Travis Sanheim Samuel Morin
Last Minutes Defensive
Center Left Wing Right Wing Defense Defense
Chris Tierney Dwight King Jimmy Hayes Matt Tennyson Samuel Morin
Goaltenders
Starting : Connor Hellebyuk
Backup : Thatcher Demko
Extra Forwards
Normal : Michael Chaput, Bobby Farnham, Anthony Nigro - PP : Michael Chaput, Bobby Farnham - PK : Anthony Nigro
Extra Defensemen
Normal : Eric Mestery, Travis Sanheim, Colby Cohen - PP : Eric Mestery - PK : Travis Sanheim, Colby Cohen
Penalty Shots
Jimmy Hayes, Michael Latta, Dwight King, Chris Tierney, Corey Tropp
Scratches
Mike Halmo (Healthy), Freddie Hamilton (Healthy), Max McCormick (Healthy), Connor Clifton (Healthy), Carl Dahlstrom (Healthy)
Axel Holmstrom (Healthy), Keegan Iverson (Healthy), Andrew Hammond (Healthy)
% Time on Ice - Knights
Lines # - Real PCT - Wanted PCT - Time Play
Normal Forward
1 - 35% - 40% - 18:31
2 - 29% - 30% - 15:26
3 - 19% - 20% - 9:59
4 - 18% - 10% - 9:35
Normal Defense
1 - 38% - 40% - 20:09
2 - 35% - 30% - 18:49
3 - 22% - 20% - 12:02
4 - 5% - 10% - 2:31
PP Forward
1 - 64% - 60% - 2:48
2 - 36% - 40% - 1:35
PP Defense
1 - 54% - 60% - 2:23
2 - 46% - 40% - 2:00
PK Forward
1 - 87% - 60% - 1:50
2 - 13% - 40% - 0:16
PK Defense
1 - 58% - 60% - 1:13
2 - 42% - 40% - 0:53
PK3 Forward
1 - 0% - 60%
2 - 0% - 40%
PK3 Defense
1 - 0% - 60%
2 - 0% - 40%
44 Forward
1 - 0% - 60%
2 - 0% - 40%
44 Defense
1 - 0% - 60%
2 - 0% - 40%
Last Minute Offensive - 0:00
Last Minute Defensive - 0:00
Total
Forward - 60:00
Defense - 60:00
|
% Time on Ice - Atomiques
Lines # - Real PCT - Wanted PCT - Time Play
Normal Forward
1 - 35% - 40% - 18:29
2 - 26% - 30% - 13:44
3 - 22% - 20% - 11:33
4 - 18% - 10% - 9:45
Normal Defense
1 - 40% - 40% - 21:14
2 - 31% - 30% - 16:35
3 - 23% - 20% - 12:06
4 - 7% - 10% - 3:36
PP Forward
1 - 54% - 60% - 1:08
2 - 46% - 40% - 0:58
PP Defense
1 - 52% - 60% - 1:06
2 - 48% - 40% - 1:00
PK Forward
1 - 75% - 60% - 3:18
2 - 25% - 40% - 1:05
PK Defense
1 - 62% - 60% - 2:42
2 - 38% - 40% - 1:41
PK3 Forward
1 - 0% - 60%
2 - 0% - 40%
PK3 Defense
1 - 0% - 60%
2 - 0% - 40%
44 Forward
1 - 0% - 60%
2 - 0% - 40%
44 Defense
1 - 0% - 60%
2 - 0% - 40%
Last Minute Offensive - 0:00
Last Minute Defensive - 0:00
Total
Forward - 60:00
Defense - 60:00
|
Play-by-Play
1st period
0:01 of 1st period - Chris Tierney wins face-off versus Noel Acciari in neutral zone.
0:10 of 1st period - Wrist shot by Dwight King.
0:10 of 1st period - Stopped by Elvis Merzlikins with a rebound.
0:53 of 1st period - Matt Tennyson is hit by Michael Matheson and loses puck.
1:20 of 1st period - Anthony Nigro is hit by Ludwig Bystrom and loses puck.
2:34 of 1st period - Jaccob Slavin is hit by Anthony Nigro and loses puck.
3:18 of 1st period - Slapshot by Dwight King.
3:18 of 1st period - Shot Misses the Net.
3:38 of 1st period - Snap shot by Nathan Walker.
3:38 of 1st period - Stopped by Connor Hellebyuk with a rebound.
3:40 of 1st period - Snap shot by Brendan Gaunce.
3:40 of 1st period - Stopped by Connor Hellebyuk with a rebound.
3:42 of 1st period - Wrist shot by Nathan Walker.
3:42 of 1st period - Shot Misses the Net.
4:47 of 1st period - Icing by Michael Matheson.
4:48 of 1st period - Nicolas Petan wins face-off versus Anthony Nigro in Knights zone.
5:22 of 1st period - Slapshot by Corey Tropp.
5:22 of 1st period - Deflect By Michael Latta.
5:22 of 1st period - Stopped by Elvis Merzlikins with a rebound.
6:00 of 1st period - Snap shot by Jimmy Hayes.
6:00 of 1st period - Stopped by Elvis Merzlikins with a rebound.
6:14 of 1st period - Slapshot by Matt Tennyson.
6:14 of 1st period - Shot Misses the Net.
7:19 of 1st period - Linden Vey is hit by Joseph Cramarossa and loses puck.
8:18 of 1st period - Snap shot by Nikolaj Ehlers.
8:18 of 1st period - Shot Blocked by Chris Tierney.
9:59 of 1st period - Michael Chaput is hit by Tomas Kundratek and loses puck.
10:20 of 1st period - Michael Matheson is hit by Brendan Lemieux and loses puck.
11:05 of 1st period - Icing by Miro Aaltonen.
11:06 of 1st period - Miro Aaltonen wins face-off versus Michael Chaput in Knights zone.
11:15 of 1st period - Noel Acciari is hit by Colby Cohen and loses puck.
12:06 of 1st period - Slapshot by Noel Acciari.
12:06 of 1st period - Deflect By Josh Bailey.
12:06 of 1st period - Stopped by Connor Hellebyuk with a rebound.
12:08 of 1st period - Snap shot by Noel Acciari.
12:08 of 1st period - Stopped by Connor Hellebyuk without a rebound.
12:09 of 1st period - Chris Tierney wins face-off versus Miro Aaltonen in Atomiques zone.
12:22 of 1st period - Wrist shot by Jimmy Hayes.
12:22 of 1st period - Deflect By Dwight King.
12:22 of 1st period - Shot Blocked by Jaccob Slavin.
12:22 of 1st period - Puck is out of play.
12:23 of 1st period - Miro Aaltonen wins face-off versus Chris Tierney in Knights zone.
12:23 of 1st period - Miro Aaltonen is hit by Dwight King.
12:51 of 1st period - Icing by Corey Tropp.
12:52 of 1st period - Michael Latta wins face-off versus Brendan Gaunce in Atomiques zone.
12:59 of 1st period - Snap shot by Corey Tropp.
12:59 of 1st period - Stopped by Elvis Merzlikins with a rebound.
13:17 of 1st period - Wrist shot by Jimmy Hayes.
13:17 of 1st period - Shot Misses the Net.
13:59 of 1st period - Slapshot by Samuel Morin.
13:59 of 1st period - Shot Blocked by Vince Hinostroza.
14:01 of 1st period - Slapshot by Samuel Morin.
14:01 of 1st period - Shot Misses the Net.
14:03 of 1st period - Backhand shot by Nicolas Aube-Kubel.
14:03 of 1st period - Stopped by Elvis Merzlikins with a rebound.
14:05 of 1st period - Slapshot by Samuel Morin.
14:05 of 1st period - Stopped by Elvis Merzlikins without a rebound.
14:06 of 1st period - Chris Tierney wins face-off versus Noel Acciari in Knights zone.
14:11 of 1st period - Wrist shot by Dwight King.
14:11 of 1st period - Stopped by Elvis Merzlikins with a rebound.
14:21 of 1st period - Wrist shot by Jimmy Hayes.
14:21 of 1st period - Shot Misses the Net.
14:40 of 1st period - Bobby Farnham is hit by Josh Bailey and loses puck.
14:57 of 1st period - Slapshot by Travis Sanheim.
14:57 of 1st period - Stopped by Elvis Merzlikins without a rebound.
14:58 of 1st period - Chris Tierney wins face-off versus Miro Aaltonen in Knights zone.
15:09 of 1st period - Snap shot by Ryan Strome.
15:09 of 1st period - Stopped by Connor Hellebyuk with a rebound.
15:11 of 1st period - Backhand shot by Ryan Strome.
15:11 of 1st period - Shot Misses the Net.
15:23 of 1st period - Tomas Kundratek is hit by Michael Latta and loses puck.
15:47 of 1st period - Snap shot by Dalton Smith.
15:47 of 1st period - Stopped by Elvis Merzlikins with a rebound.
17:05 of 1st period - Snap shot by Noel Acciari.
17:05 of 1st period - Shot Blocked by Bobby Farnham.
17:07 of 1st period - Slapshot by Josh Bailey.
17:07 of 1st period - Stopped by Connor Hellebyuk with a rebound.
17:09 of 1st period - Snap shot by Noel Acciari.
17:09 of 1st period - Stopped by Connor Hellebyuk with a rebound.
17:45 of 1st period - Wrist shot by Michael Latta.
17:45 of 1st period - Stopped by Elvis Merzlikins with a rebound.
17:55 of 1st period - Tomas Kundratek is hit by Brendan Lemieux and loses puck.
18:06 of 1st period - Snap shot by Miro Aaltonen.
18:06 of 1st period - Stopped by Connor Hellebyuk with a rebound.
18:24 of 1st period - Snap shot by Miro Aaltonen.
18:24 of 1st period - Shot Misses the Net.
18:26 of 1st period - Slapshot by Jordan Martinook.
18:26 of 1st period - Stopped by Connor Hellebyuk without a rebound.
18:27 of 1st period - Chris Tierney wins face-off versus Noel Acciari in Atomiques zone.
18:58 of 1st period - Snap shot by Brendan Gaunce.
18:58 of 1st period - Shot Misses the Net.
19:00 of 1st period - Slapshot by Michael Matheson.
19:00 of 1st period - Stopped by Connor Hellebyuk without a rebound.
19:01 of 1st period - Brendan Gaunce wins face-off versus Brendan Lemieux in Atomiques zone.
19:08 of 1st period - Wrist shot by Brendan Gaunce.
19:08 of 1st period - Stopped by Connor Hellebyuk with a rebound.
19:28 of 1st period - Wiley Sherman is hit by Josh Bailey.
19:55 of 1st period - Wrist shot by Vince Hinostroza.
19:55 of 1st period - Shot Misses the Net.
19:57 of 1st period - Slapshot by Collin Miller.
19:57 of 1st period - Deflect By Samuel Morin.
19:57 of 1st period - Stopped by Connor Hellebyuk with a rebound.
Goals for this period are 0 for Knights vs 0 for Atomiques.
Shots for this period are 12 for Knights vs 10 for Atomiques.
2nd period
0:01 of 2nd period - Noel Acciari wins face-off versus Chris Tierney in neutral zone.
0:04 of 2nd period - Slapshot by Jaccob Slavin.
0:04 of 2nd period - Goal by Jaccob Slavin - Knights : 1 - Atomiques : 0.
0:05 of 2nd period - Chris Tierney wins face-off versus Noel Acciari in neutral zone.
0:14 of 2nd period - Snap shot by Jimmy Hayes.
0:14 of 2nd period - Stopped by Elvis Merzlikins with a rebound.
0:16 of 2nd period - Slapshot by Samuel Morin.
0:16 of 2nd period - Deflect By Dwight King.
0:16 of 2nd period - Shot Misses the Net.
0:16 of 2nd period - Puck is out of play.
0:17 of 2nd period - Dwight King wins face-off versus Noel Acciari in Knights zone.
0:20 of 2nd period - Snap shot by Dwight King.
0:20 of 2nd period - Deflect By Jimmy Hayes.
0:20 of 2nd period - Shot Misses the Net.
0:20 of 2nd period - Puck is out of play.
0:21 of 2nd period - Chris Tierney wins face-off versus Noel Acciari in Knights zone.
0:24 of 2nd period - Snap shot by Chris Tierney.
0:24 of 2nd period - Shot Misses the Net.
0:52 of 2nd period - Snap shot by Brendan Lemieux.
0:52 of 2nd period - Deflect By Jordan Martinook.
0:52 of 2nd period - Stopped by Elvis Merzlikins with a rebound.
0:54 of 2nd period - Slapshot by Travis Sanheim.
0:54 of 2nd period - Stopped by Elvis Merzlikins with a rebound.
1:08 of 2nd period - Wrist shot by Linden Vey.
1:08 of 2nd period - Shot Blocked by Matt Tennyson.
1:10 of 2nd period - Slapshot by Jaccob Slavin.
1:10 of 2nd period - Shot Blocked by Wiley Sherman.
1:16 of 2nd period - Slapshot by Brendan Gaunce.
1:16 of 2nd period - Deflect By Michael Chaput.
1:16 of 2nd period - Shot Misses the Net.
1:16 of 2nd period - Puck is out of play.
1:17 of 2nd period - Chris Tierney wins face-off versus Noel Acciari in Atomiques zone.
1:42 of 2nd period - Miro Aaltonen is hit by Corey Tropp.
1:57 of 2nd period - Minor Penalty to Linden Vey for Goalie Interference.
1:58 of 2nd period - Chris Tierney wins face-off versus Jordan Martinook in Knights zone.
2:00 of 2nd period - Slapshot by Dwight King.
2:00 of 2nd period - Shot Misses the Net.
2:02 of 2nd period - Slapshot by Travis Sanheim.
2:02 of 2nd period - Shot Blocked by Jordan Martinook.
2:04 of 2nd period - Wrist shot by Jimmy Hayes.
2:04 of 2nd period - Goal by Jimmy Hayes - Knights : 1 - Atomiques : 1.
2:05 of 2nd period - Noel Acciari wins face-off versus Chris Tierney in neutral zone.
2:17 of 2nd period - Snap shot by Noel Acciari.
2:17 of 2nd period - Shot Blocked by Jimmy Hayes.
2:31 of 2nd period - Tomas Kundratek is hit by Michael Latta.
3:13 of 2nd period - Kevin Fiala is hit by Joseph Cramarossa and loses puck.
3:30 of 2nd period - Slapshot by Vince Hinostroza.
3:30 of 2nd period - Stopped by Connor Hellebyuk with a rebound.
3:42 of 2nd period - Snap shot by Anthony Nigro.
3:42 of 2nd period - Shot Blocked by Josh Morrissey.
4:01 of 2nd period - Nicolas Petan is hit by Nicolas Aube-Kubel and loses puck.
5:04 of 2nd period - Josh Morrissey is hit by Nicolas Aube-Kubel and loses puck.
5:18 of 2nd period - Vince Hinostroza is hit by Colby Cohen and loses puck.
5:41 of 2nd period - Slapshot by Joseph Cramarossa.
5:41 of 2nd period - Stopped by Elvis Merzlikins without a rebound.
5:42 of 2nd period - Noel Acciari wins face-off versus Jimmy Hayes in Knights zone.
5:52 of 2nd period - Nikolaj Ehlers is hit by Travis Sanheim and loses puck.
5:57 of 2nd period - Snap shot by Jimmy Hayes.
5:57 of 2nd period - Shot Blocked by Tomas Kundratek.
6:18 of 2nd period - Slapshot by Miro Aaltonen.
6:18 of 2nd period - Stopped by Connor Hellebyuk without a rebound.
6:19 of 2nd period - Chris Tierney wins face-off versus Noel Acciari in Atomiques zone.
6:32 of 2nd period - Slapshot by Josh Bailey.
6:32 of 2nd period - Stopped by Connor Hellebyuk with a rebound.
6:44 of 2nd period - Michael Latta is hit by Ryan Strome and loses puck.
7:13 of 2nd period - Snap shot by Brendan Gaunce.
7:13 of 2nd period - Stopped by Connor Hellebyuk with a rebound.
7:25 of 2nd period - Tomas Kundratek is hit by Dwight King and loses puck.
7:30 of 2nd period - Slapshot by Jimmy Hayes.
7:30 of 2nd period - Goal by Jimmy Hayes - Knights : 1 - Atomiques : 2.
7:31 of 2nd period - Chris Tierney wins face-off versus Noel Acciari in neutral zone.
7:44 of 2nd period - Wrist shot by Nikolaj Ehlers.
7:44 of 2nd period - Stopped by Connor Hellebyuk without a rebound.
7:45 of 2nd period - Noel Acciari wins face-off versus Chris Tierney in Atomiques zone.
8:36 of 2nd period - Wrist shot by Linden Vey.
8:36 of 2nd period - Shot Misses the Net.
8:38 of 2nd period - Minor Penalty to Michael Chaput for Tripping.
8:39 of 2nd period - Chris Tierney wins face-off versus Noel Acciari in Atomiques zone.
8:48 of 2nd period - Jaccob Slavin is hit by Samuel Morin and loses puck.
8:55 of 2nd period - Slapshot by Chris Tierney.
8:55 of 2nd period - Deflect By Jimmy Hayes.
8:55 of 2nd period - Stopped by Elvis Merzlikins with a rebound.
10:38 of 2nd period - Penalty to Michael Chaput is over, Michael Chaput is back on ice.
13:14 of 2nd period - Tomas Kundratek is hit by Colby Cohen and loses puck.
13:31 of 2nd period - Wiley Sherman is hit by Josh Bailey and loses puck.
13:50 of 2nd period - Slapshot by Travis Sanheim.
13:50 of 2nd period - Stopped by Elvis Merzlikins with a rebound.
14:11 of 2nd period - Ludwig Bystrom is hit by Colby Cohen and loses puck.
14:40 of 2nd period - Corey Tropp is hit by Jordan Martinook and loses puck.
15:11 of 2nd period - Icing by Anthony Nigro.
15:12 of 2nd period - Anthony Nigro wins face-off versus Noel Acciari in Atomiques zone.
15:19 of 2nd period - Snap shot by Noel Acciari.
15:19 of 2nd period - Stopped by Connor Hellebyuk with a rebound.
15:34 of 2nd period - Icing by Dwight King.
15:35 of 2nd period - Michael Latta wins face-off versus Jordan Martinook in Atomiques zone.
16:02 of 2nd period - Snap shot by Noel Acciari.
16:02 of 2nd period - Stopped by Connor Hellebyuk with a rebound.
16:28 of 2nd period - Snap shot by Nathan Walker.
16:28 of 2nd period - Shot Misses the Net.
16:32 of 2nd period - Snap shot by Brendan Gaunce.
16:32 of 2nd period - Stopped by Connor Hellebyuk without a rebound.
16:33 of 2nd period - Miro Aaltonen wins face-off versus Chris Tierney in Atomiques zone.
16:44 of 2nd period - Snap shot by Miro Aaltonen.
16:44 of 2nd period - Shot Blocked by Chris Tierney.
16:46 of 2nd period - Wrist shot by Miro Aaltonen.
16:46 of 2nd period - Shot Misses the Net.
16:48 of 2nd period - Wrist shot by Jaccob Slavin.
16:48 of 2nd period - Goal by Jaccob Slavin - Knights : 2 - Atomiques : 2.
16:49 of 2nd period - Chris Tierney wins face-off versus Nikolaj Ehlers in neutral zone.
17:18 of 2nd period - Off-side.
17:19 of 2nd period - Michael Latta wins face-off versus Miro Aaltonen in neutral zone.
18:03 of 2nd period - Minor Penalty to Dalton Smith for High sticking.
18:04 of 2nd period - Noel Acciari wins face-off versus Chris Tierney in Atomiques zone.
19:21 of 2nd period - Michael Matheson is hit by Eric Mestery and loses puck.
19:39 of 2nd period - Icing by Michael Matheson.
19:40 of 2nd period - Miro Aaltonen wins face-off versus Michael Latta in Knights zone.
19:47 of 2nd period - Snap shot by Michael Latta.
19:47 of 2nd period - Shot Misses the Net.
19:53 of 2nd period - Jordan Martinook is hit by Michael Latta and loses puck.
Goals for this period are 2 for Knights vs 2 for Atomiques.
Shots for this period are 10 for Knights vs 8 for Atomiques.
3rd period
0:01 of 3rd period - Noel Acciari wins face-off versus Chris Tierney in neutral zone.
0:03 of 3rd period - Penalty to Dalton Smith is over, Dalton Smith is back on ice.
0:05 of 3rd period - Icing by Jordan Martinook.
0:06 of 3rd period - Noel Acciari wins face-off versus Chris Tierney in Knights zone.
0:15 of 3rd period - Wrist shot by Josh Bailey.
0:15 of 3rd period - Stopped by Connor Hellebyuk with a rebound.
0:17 of 3rd period - Snap shot by Josh Bailey.
0:17 of 3rd period - Shot Blocked by Samuel Morin.
0:19 of 3rd period - Slapshot by Jaccob Slavin.
0:19 of 3rd period - Shot Blocked by Samuel Morin.
0:21 of 3rd period - Snap shot by Josh Bailey.
0:21 of 3rd period - Shot Blocked by Matt Tennyson.
0:55 of 3rd period - Snap shot by Anthony Nigro.
0:55 of 3rd period - Shot Misses the Net.
0:57 of 3rd period - Slapshot by Matt Tennyson.
0:57 of 3rd period - Shot Blocked by Vince Hinostroza.
0:59 of 3rd period - Snap shot by Matt Tennyson.
0:59 of 3rd period - Stopped by Elvis Merzlikins with a rebound.
1:01 of 3rd period - Snap shot by Joseph Cramarossa.
1:01 of 3rd period - Stopped by Elvis Merzlikins without a rebound.
1:02 of 3rd period - Chris Tierney wins face-off versus Noel Acciari in Knights zone.
1:58 of 3rd period - Nathan Walker is hit by Bobby Farnham and loses puck.
2:17 of 3rd period - Slapshot by Matt Tennyson.
2:17 of 3rd period - Stopped by Elvis Merzlikins without a rebound.
2:18 of 3rd period - Nicolas Petan wins face-off versus Anthony Nigro in Knights zone.
2:23 of 3rd period - Backhand shot by Josh Morrissey.
2:23 of 3rd period - Deflect By Nicolas Petan.
2:23 of 3rd period - Shot Misses the Net.
2:23 of 3rd period - Puck is out of play.
2:24 of 3rd period - Chris Tierney wins face-off versus Noel Acciari in Atomiques zone.
2:49 of 3rd period - Backhand shot by Michael Chaput.
2:49 of 3rd period - Shot Blocked by Noel Acciari.
3:21 of 3rd period - Snap shot by Michael Latta.
3:21 of 3rd period - Shot Misses the Net.
3:42 of 3rd period - Wrist shot by Nathan Walker.
3:42 of 3rd period - Deflect By Brendan Gaunce.
3:42 of 3rd period - Shot Blocked by Samuel Morin.
3:42 of 3rd period - Puck is out of play.
3:43 of 3rd period - Michael Chaput wins face-off versus Miro Aaltonen in Atomiques zone.
3:50 of 3rd period - Wrist shot by Ryan Strome.
3:50 of 3rd period - Stopped by Connor Hellebyuk with a rebound.
3:52 of 3rd period - Snap shot by Jordan Martinook.
3:52 of 3rd period - Shot Misses the Net.
3:54 of 3rd period - Slapshot by Miro Aaltonen.
3:54 of 3rd period - Shot Misses the Net.
3:56 of 3rd period - Snap shot by Jordan Martinook.
3:56 of 3rd period - Deflect By Wiley Sherman.
3:56 of 3rd period - Stopped by Connor Hellebyuk without a rebound.
3:57 of 3rd period - Noel Acciari wins face-off versus Chris Tierney in Atomiques zone.
4:47 of 3rd period - Jordan Martinook is hit by Corey Tropp and loses puck.
5:09 of 3rd period - Wrist shot by Bobby Farnham.
5:09 of 3rd period - Stopped by Elvis Merzlikins with a rebound.
5:11 of 3rd period - Wrist shot by Bobby Farnham.
5:11 of 3rd period - Stopped by Elvis Merzlikins with a rebound.
5:13 of 3rd period - Snap shot by Dalton Smith.
5:13 of 3rd period - Stopped by Elvis Merzlikins with a rebound.
5:15 of 3rd period - Snap shot by Michael Chaput.
5:15 of 3rd period - Stopped by Elvis Merzlikins without a rebound.
5:16 of 3rd period - Michael Latta wins face-off versus Brendan Gaunce in Knights zone.
5:19 of 3rd period - Snap shot by Michael Latta.
5:19 of 3rd period - Stopped by Elvis Merzlikins with a rebound.
6:43 of 3rd period - Snap shot by Corey Tropp.
6:43 of 3rd period - Stopped by Elvis Merzlikins without a rebound.
6:44 of 3rd period - Noel Acciari wins face-off versus Brendan Lemieux in Knights zone.
6:44 of 3rd period - Noel Acciari is hit by Eric Mestery.
7:11 of 3rd period - Minor Penalty to Eric Mestery for Elbowing.
7:12 of 3rd period - Noel Acciari wins face-off versus Chris Tierney in Atomiques zone.
7:17 of 3rd period - Wrist shot by Noel Acciari.
7:17 of 3rd period - Goal by Noel Acciari - Knights : 3 - Atomiques : 2.
7:18 of 3rd period - Chris Tierney wins face-off versus Noel Acciari in neutral zone.
7:29 of 3rd period - Snap shot by Noel Acciari.
7:29 of 3rd period - Shot Misses the Net.
7:31 of 3rd period - Wrist shot by Nikolaj Ehlers.
7:31 of 3rd period - Stopped by Connor Hellebyuk with a rebound.
7:33 of 3rd period - Wrist shot by Noel Acciari.
7:33 of 3rd period - Shot Blocked by Dwight King.
7:43 of 3rd period - Miro Aaltonen is hit by Brendan Lemieux and loses puck.
7:54 of 3rd period - Brendan Lemieux is hit by Tomas Kundratek and loses puck.
8:29 of 3rd period - Snap shot by Dwight King.
8:29 of 3rd period - Stopped by Elvis Merzlikins with a rebound.
8:35 of 3rd period - Slapshot by Michael Matheson.
8:35 of 3rd period - Stopped by Connor Hellebyuk without a rebound.
8:36 of 3rd period - Chris Tierney wins face-off versus Noel Acciari in Atomiques zone.
8:36 of 3rd period - Chris Tierney is hit by Noel Acciari.
9:23 of 3rd period - Slapshot by Kevin Fiala.
9:23 of 3rd period - Shot Misses the Net.
9:25 of 3rd period - Snap shot by Nicolas Petan.
9:25 of 3rd period - Goal by Nicolas Petan - Knights : 4 - Atomiques : 2.
9:26 of 3rd period - Noel Acciari wins face-off versus Chris Tierney in neutral zone.
9:29 of 3rd period - Slapshot by Jaccob Slavin.
9:29 of 3rd period - Shot Misses the Net.
9:31 of 3rd period - Snap shot by Nikolaj Ehlers.
9:31 of 3rd period - Stopped by Connor Hellebyuk with a rebound.
9:33 of 3rd period - Wrist shot by Nikolaj Ehlers.
9:33 of 3rd period - Stopped by Connor Hellebyuk with a rebound.
9:35 of 3rd period - Snap shot by Noel Acciari.
9:35 of 3rd period - Shot Misses the Net.
9:57 of 3rd period - Minor Penalty to Brendan Lemieux for Tripping.
9:58 of 3rd period - Noel Acciari wins face-off versus Chris Tierney in Atomiques zone.
9:59 of 3rd period - Slapshot by Josh Bailey.
9:59 of 3rd period - Shot Misses the Net.
10:01 of 3rd period - Wrist shot by Josh Bailey.
10:01 of 3rd period - Goal by Josh Bailey - Knights : 5 - Atomiques : 2.
10:02 of 3rd period - Noel Acciari wins face-off versus Dwight King in neutral zone.
10:14 of 3rd period - Off-side.
10:15 of 3rd period - Noel Acciari wins face-off versus Chris Tierney in neutral zone.
10:30 of 3rd period - Wrist shot by Dwight King.
10:30 of 3rd period - Stopped by Elvis Merzlikins with a rebound.
10:47 of 3rd period - Wrist shot by Travis Sanheim.
10:47 of 3rd period - Stopped by Elvis Merzlikins without a rebound.
10:48 of 3rd period - Chris Tierney wins face-off versus Miro Aaltonen in Knights zone.
11:04 of 3rd period - Icing by Ryan Strome.
11:05 of 3rd period - Michael Latta wins face-off versus Miro Aaltonen in Knights zone.
11:08 of 3rd period - Slapshot by Travis Sanheim.
11:08 of 3rd period - Shot Misses the Net.
12:11 of 3rd period - Wrist shot by Josh Bailey.
12:11 of 3rd period - Deflect By Bobby Farnham.
12:11 of 3rd period - Shot Blocked by Wiley Sherman.
12:11 of 3rd period - Puck is out of play.
12:12 of 3rd period - Michael Chaput wins face-off versus Noel Acciari in Atomiques zone.
12:24 of 3rd period - Slapshot by Michael Chaput.
12:24 of 3rd period - Stopped by Elvis Merzlikins without a rebound.
12:25 of 3rd period - Chris Tierney wins face-off versus Noel Acciari in Knights zone.
12:52 of 3rd period - Corey Tropp is hit by Tomas Kundratek and loses puck.
13:11 of 3rd period - Snap shot by Kevin Fiala.
13:11 of 3rd period - Shot Blocked by Matt Tennyson.
13:55 of 3rd period - Slapshot by Brendan Gaunce.
13:55 of 3rd period - Shot Hit the Post.
13:57 of 3rd period - Slapshot by Ludwig Bystrom.
13:57 of 3rd period - Stopped by Connor Hellebyuk with a rebound.
13:59 of 3rd period - Snap shot by Nathan Walker.
13:59 of 3rd period - Stopped by Connor Hellebyuk without a rebound.
14:00 of 3rd period - Noel Acciari wins face-off versus Jimmy Hayes in Atomiques zone.
14:15 of 3rd period - Nikolaj Ehlers is hit by Travis Sanheim and loses puck.
14:28 of 3rd period - Snap shot by Michael Latta.
14:28 of 3rd period - Shot Misses the Net.
14:40 of 3rd period - Snap shot by Corey Tropp.
14:40 of 3rd period - Shot Misses the Net.
15:00 of 3rd period - Snap shot by Ryan Strome.
15:00 of 3rd period - Stopped by Connor Hellebyuk without a rebound.
15:01 of 3rd period - Chris Tierney wins face-off versus Noel Acciari in Atomiques zone.
15:01 of 3rd period - Chris Tierney is hit by Ludwig Bystrom.
15:20 of 3rd period - Minor Penalty to Ludwig Bystrom for Hooking.
15:21 of 3rd period - Chris Tierney wins face-off versus Noel Acciari in Knights zone.
17:04 of 3rd period - Collin Miller is hit by Brendan Lemieux.
17:20 of 3rd period - Penalty to Ludwig Bystrom is over, Ludwig Bystrom is back on ice.
17:50 of 3rd period - Backhand shot by Anthony Nigro.
17:50 of 3rd period - Shot Misses the Net.
17:52 of 3rd period - Slapshot by Colby Cohen.
17:52 of 3rd period - Stopped by Elvis Merzlikins with a rebound.
17:54 of 3rd period - Slapshot by Joseph Cramarossa.
17:54 of 3rd period - Shot Misses the Net.
17:56 of 3rd period - Backhand shot by Eric Mestery.
17:56 of 3rd period - Shot Blocked by Brendan Gaunce.
18:33 of 3rd period - Nikolaj Ehlers is hit by Michael Latta.
19:17 of 3rd period - Minor Penalty to Bobby Farnham for Holding.
19:18 of 3rd period - Josh Bailey wins face-off versus Chris Tierney in Atomiques zone.
19:19 of 3rd period - Snap shot by Noel Acciari.
19:19 of 3rd period - Shot Hit the Post.
19:21 of 3rd period - Wrist shot by Josh Bailey.
19:21 of 3rd period - Goal by Josh Bailey - Knights : 6 - Atomiques : 2.
19:22 of 3rd period - Josh Bailey wins face-off versus Chris Tierney in neutral zone.
19:48 of 3rd period - Minor Penalty to Corey Tropp for Holding.
19:49 of 3rd period - Chris Tierney wins face-off versus Noel Acciari in Atomiques zone.
Goals for this period are 4 for Knights vs 0 for Atomiques.
Shots for this period are 14 for Knights vs 14 for Atomiques.
Back to the Top